Map: Kairos Junction LE

Players

Samwise - Winner!

  • Race: Protoss Protoss
  • League: Platinum
  • Spawn Location: 5:00

A.I. 1 (Elite)

  • Race: Zerg Zerg
  • Spawn Location: 11:00

VOD

Have the link to the VOD?

Description

Time

  • Played on: Aug. 20, 2019, 8:19 a.m.
  • Length: 9:10
Show
View Real Time Build Order
Export as new Build Order

Samwise Protoss - Winner!

Build Orders: 1 Gate Expand, Chargelot Immortal 

Get SALT Encoding   

  12  0:01  Probe  
  13  0:13  Probe  
  14  0:20  Pylon  
  14  0:25  Probe  
  15  0:37  Probe  
  16  0:44  Gateway  
  16  0:45  Probe  
  17  0:51  Assimilator  
  17  0:53  Probe  
  18  1:04  Probe  
  19  1:24  Nexus  
  19  1:28  Probe  
  20  1:38  Cybernetics Core  
  20  1:43  Probe  
  21  1:48  Assimilator  
  21  1:52  Pylon  
  21  1:55  Probe  
  22  2:09  Probe  
  23  2:16  Sentry  
  25  2:24  Warp Gate  
  25  2:29  Probe  
  26  2:33  Probe  
  26  2:42  Probe, Stalker  
  26  2:43  Probe  
  31  2:54  Probe x2, Robotics Facility  
  33  3:06  Probe x2  
  33  3:09  Gateway  
  33  3:12  Sentry  
  37  3:18  Probe  
  38  3:24  Pylon  
  38  3:38  Probe x2  
  40  3:42  Warp Prism, Assimilator  
  40  3:44  Sentry  
  40  3:47  Pylon  
  44  3:50  Probe x2  
  46  4:00  Pylon  
  46  4:02  Probe x2  
  48  4:07  Immortal  
  50  4:25  Stalker  
  52  4:38  Immortal  
  52  4:51  Stalker  
  58  5:06  Gateway  
  58  5:08  Forge  
  58  5:14  Adept  
  58  5:15  Stalker  
  58  5:17  Immortal  
  66  5:23  Probe x2  
  68  5:29  Protoss Ground Weapons Level 1  
  68  5:32  Robotics Facility  
  69  5:35  Probe  
  69  5:36  Twilight Council  
  69  5:39  Pylon  
  69  5:41  Pylon  
  69  6:02  Zealot x3  
  75  6:10  Pylon  
  75  6:11  Pylon  
  75  6:17  Charge  
  73  6:27  Observer  
  73  6:28  Observer  
  75  6:40  Gateway  
  75  6:42  Gateway  
  75  6:44  Immortal  
  75  6:45  Gateway  
  75  6:46  Gateway  
  75  6:47  Gateway  
  75  6:51  Pylon  
  75  6:53  Pylon  
  79  6:58  Zealot  
  79  6:59  Immortal, Zealot x2  
  89  7:18  Immortal  
  89  7:21  Zealot x3  
  99  7:31  Pylon  
  99  7:33  Pylon  
  97  7:37  Pylon  
  97  7:39  Immortal  
  97  7:41  Zealot x4  
  97  7:42  Zealot x2  
  113  7:57  Immortal  
  117  8:10  Zealot x4  
  117  8:11  Zealot x4  
Show
View Real Time Build Order
Export as new Build Order

A.I. 1 (Elite) Zerg 

Build Orders: Pool First 

Get SALT Encoding   

  12  0:00  Drone  
  13  0:12  Overlord  
  13  0:16  Drone  
  14  0:30  Drone  
  15  0:39  Spawning Pool  
  15  0:41  Drone  
  15  0:45  Drone  
  15  0:49  Drone  
  17  0:52  Extractor  
  17  0:55  Drone  
  17  1:06  Drone  
  18  1:17  Drone  
  19  1:28  Roach Warren, Queen  
  19  1:30  Drone  
  21  1:38  Zergling x2  
  22  1:49  Overlord  
  22  1:59  Overlord  
  22  2:10  Roach  
  24  2:21  Roach  
  26  2:28  Hatchery  
  25  2:32  Drone  
  25  2:36  Roach x2  
  30  2:42  Roach  
  32  2:48  Roach  
  34  2:54  Overlord  
  34  3:05  Roach  
  36  3:07  Roach  
  36  3:12  Roach  
  40  3:15  Roach  
  42  3:20  Roach  
  44  3:27  Roach  
  46  3:38  Overlord  
  46  3:40  Roach  
  48  3:43  Roach  
  51  3:48  Zergling x2  
  51  4:07  Lair  
  50  4:16  Zergling x2  
  51  4:21  Extractor  
  51  4:23  Extractor, Drone  
  50  4:26  Drone  
  50  4:30  Drone  
  52  4:34  Drone  
  52  4:37  Drone  
  52  4:41  Drone  
  52  4:44  Drone  
  52  4:50  Drone  
  52  4:51  Drone  
  50  4:55  Drone  
  50  4:58  Drone  
  42  5:01  Drone  
  42  5:06  Roach  
  41  5:08  Hydralisk Den  
  41  5:12  Roach  
  42  5:14  Drone  
  42  5:17  Drone  
  42  5:20  Drone  
  45  5:23  Drone  
  45  5:25  Drone  
  47  5:28  Drone  
  47  5:31  Drone  
  47  5:33  Drone  
  50  5:39  Drone  
  50  5:41  Drone  
  52  5:45  Overlord, Hydralisk  
  52  5:47  Hydralisk  
  56  5:52  Hydralisk  
  56  5:54  Drone  
  59  6:03  Drone x2  
  61  6:11  Overlord  
  61  6:13  Drone  
  61  6:18  Infestation Pit, Drone x2, Roach  
  63  6:24  Zergling x2, Roach  
  50  6:34  Zergling x2  
  50  6:35  Roach  
  53  6:45  Roach, Hydralisk  
  57  6:49  Zergling x2, Roach x2  
  57  6:56  Zergling x2  
  57  6:57  Roach  
  57  7:02  Extractor  
  57  7:07  Overlord, Drone  
  57  7:13  Overseer  
  56  7:17  Zergling x2  
  56  7:18  Hydralisk  
  56  7:21  Infestor  
  59  7:25  Roach  
  59  7:26  Roach  
  59  7:28  Overlord  
  60  7:30  Zergling x2  
  55  7:39  Roach  
  55  7:41  Zergling x2  
  57  7:50  Roach  
  57  7:52  Drone  
  57  7:53  Evolution Chamber, Drone, Zergling x2  
  57  7:54  Overseer  
  54  8:00  Drone  
  54  8:03  Roach  
  57  8:11  Overlord  
  51  8:20  Hydralisk  
  51  8:29  Zergling x2, Hydralisk  
  51  8:30  Overlord, Roach  
  50  8:41  Roach  
  34  8:51  Overlord, Zergling x2  
Tags
 
Add a new tag
Caveats
  • Supply blocks, unpowered buildings, or Contaminate may cause inaccurate times.
  • Supply counts are checked every 10 seconds.